[Event "*** Titled Tuesday Blitz"]
[Site "Chess.com"]
[Date "2020.05.05"]
[Round "4"]
[White "abhidabhi"]
[Black "vangulio"]
[Result "1-0"]
[WhiteElo "2770"]
[BlackElo "2500"]
[TimeControl "180+1"]
[EndTime "10:36:20 PDT"]
[Termination "abhidabhi won by resignation"]

1. Nf3 Nf6 2. g3 g6 3. b3 Bg7 4.
Bb2 O-O 5. Bg2 c5 6. c4 Nc6 7. O-O d5 8. cxd5 Nxd5 9. Bxg7 Kxg7 10. d4 cxd4 11. Nxd4 Nxd4 12. Qxd4+ Nf6 13. Qe5 Re8 14. Nc3 Qb6 15. Nd5 Qb5 16. a4 Qxb3 17. Nxf6 1-0

[Event "*** Titled Tuesday Blitz"]
[Site "Chess.com"]
[Date "2020.05.05"]
[Round "4"]
[White "ARMQUEEN"]
[Black "FMJoseHerrera"]
[Result "0-1"]
[WhiteElo "2343"]
[BlackElo "2587"]
[TimeControl "180+1"]
[EndTime "10:36:28 PDT"]
[Termination "FMJoseHerrera won by resignation"]

1. e4 c5 2. Nc3 e6 3. f4 a6 4. Nf3 Qc7 5. d4 cxd4 6. Nxd4 b5 7. Be3 Bb7 8. Bd3 d6 9. Nce2 Nf6 10. Ng3 h5 11. h4 Be7 12. O-O Ng4 13. Qe2 Bxh4 14. Nxh5 Nxe3 15. Nxg7+ Ke7 16. Qxe3 Bf6 17. Ngf5+ exf5 18. Nxf5+ Kf8 19. Rae1 Nd7 20. c3 Re8 21. Qf3 Qc5+ 22.
Rf2 Qxf5 23. exf5 Rxe1+ 24. Rf1 Bxf3 25. Rxe1 Bd5 0-1

[Event "*** Titled Tuesday Blitz"]
[Site "Chess.com"]
[Date "2020.05.05"]
[Round "4"]
[White "mariofs"]
[Black "MrRooke6"]
[Result "0-1"]
[WhiteElo "2152"]
[BlackElo "2460"]
[TimeControl "180+1"]
[EndTime "10:36:29 PDT"]
[Termination "MrRooke6 won by resignation"]

1. d4 Nf6 2. Nf3 g6 3. Bf4 Bg7 4. e3 O-O 5. Be2 d6 6. O-O b6 7. h3 Bb7 8. Bh2 Nbd7 9. c4 a6 10. Nc3 Ra7 11. b4 Qa8 12. Qb3 Ne4 13. Rfd1 Nxc3 14.
Qxc3 c5 15. Qc2 cxb4 16. Rab1 a5 17. d5 Rc8 18. Qd3 Nc5 19. Qd2 Ne4 20. Qe1 Nc3 21. Nd4 Nxb1 22. Rxb1 Ba6 23. Rc1 Rac7 24. Nc6 Bb7 25.
Nd4 Bxd5 26. Nb5 Rc5 27. Bg4 f5 0-1

[Event "*** Titled Tuesday Blitz"]
[Site "Chess.com"]
[Date "2020.05.05"]
[Round "4"]
[White "mishanick"]
[Black "Balla_Tamas"]
[Result "1-0"]
[WhiteElo "2941"]
[BlackElo "2557"]
[TimeControl "180+1"]
[EndTime "10:36:39 PDT"]
[Termination "mishanick won by resignation"]

1. d4 Nf6 2. c4 g6 3. Nc3 Bg7 4. e4 O-O 5. Be2 d6 6. Be3 a6 7. Nf3 Nbd7 8. O-O c5 9. d5 b5 10.
cxb5 axb5 11. Bxb5 Ba6 12. a4 Qa5 13. Nd2 Qb4 14.
Qc2 Rfb8 15. Nc4 Bxb5 16. Nxb5 Ng4 17. Bd2 1-0

[Event "*** Titled Tuesday Blitz"]
[Site "Chess.com"]
[Date "2020.05.05"]
[Round "4"]
[White "archess2"]
[Black "Al_Shima"]
[Result "0-1"]
[WhiteElo "2263"]
[BlackElo "2454"]
[TimeControl "180+1"]
[EndTime "10:36:47 PDT"]
[Termination "Al_Shima won by resignation"]

1. d4 b5 2. e4 Bb7 3. Bxb5 Bxe4 4. f3 Bb7 5. Ne2 Nf6 6. O-O e6 7. c4 Be7 8. Nbc3 O-O 9. Bg5 h6 10. Bh4 c5 11. d5 Nxd5 12. Bxe7 Nxe7 13. Ne4 Bxe4 14.
fxe4 d6 15. Qd2 Qc7 16. Rad1 Rd8 17. Nf4 Nbc6 18. Bxc6 Nxc6 19. Nh5 Nd4 20. Qf2 Qe7 21. Qg3 Ne2+ 0-1

[Event "*** Titled Tuesday Blitz"]
[Site "Chess.com"]
[Date "2020.05.05"]
[Round "4"]
[White "Saloni1299"]
[Black "Shoytan"]
[Result "0-1"]
[WhiteElo "2341"]
[BlackElo "2576"]
[TimeControl "180+1"]
[EndTime "10:37:00 PDT"]
[Termination "Shoytan won by resignation"]

1. e4 c5 2. Nf3 d6 3. d4 cxd4 4.
Nxd4 Nf6 5. Nc3 a6 6. Be3 e5 7. Nb3 Be6 8. f3 h5 9. Qd2 Nbd7 10. Nd5 Bxd5 11. exd5 b6 12. c4 g6 13. Rc1 Bg7 14.
Be2 O-O 15. a4 a5 16. Na1 Nc5 17. b3 e4 18. f4 Ng4 19. O-O Bxa1 20. Bxc5 bxc5 21.
Rxa1 f5 22. Bxg4 hxg4 23. Qe3 Rb8 24. Rab1 Qf6 25. Rf2 Rb4 26. g3 Rfb8 27. Rff1 Qd4 28. Kf2 Rxb3 29. Rxb3 Rxb3 30. Qxd4 cxd4 31. Rd1 Rb2+ 32.
Kg1 d3 33. Rc1 e3 34. Kf1 e2+ 0-1

[Event "*** Titled Tuesday Blitz"]
[Site "Chess.com"]
[Date "2020.05.05"]
[Round "4"]
[White "Danfii"]
[Black "Shivagami"]
[Result "1-0"]
[WhiteElo "2328"]
[BlackElo "2140"]
[TimeControl "180+1"]
[EndTime "10:37:01 PDT"]
[Termination "Danfii won by resignation"]

1. e4 c5 2. Nf3 d6 3. d4 cxd4 4. Nxd4 Nf6 5. Nc3 a6 6. Be3 e5 7. Nb3 Be6 8. h3 h5 9. Be2 Be7 10. O-O b5 11. a4 b4 12. Nd5 Nxe4 13. Bf3 Nc5 14. Nxc5 dxc5 15. Nxe7 Qxd1 16. Raxd1 1-0

[Event "*** Titled Tuesday Blitz"]
[Site "Chess.com"]
[Date "2020.05.05"]
[Round "4"]
[White "Boninknights"]
[Black "AlexZambrano"]
[Result "1-0"]
[WhiteElo "2142"]
[BlackElo "2274"]
[TimeControl "180+1"]
[EndTime "10:37:02 PDT"]
[Termination "Boninknights won by resignation"]

1. d4 Nf6 2. Nf3 g6 3. c4 d5 4.
cxd5 Nxd5 5. e4 Nb6 6. Nc3 Bg7 7. Be2 O-O 8. O-O Bg4 9. Be3 Nc6 10. d5 Bxf3 11.
Bxf3 Ne5 12. Be2 Nec4 13. Bc1 c6 14. Qb3 cxd5 15. exd5 Nd6 16. Bf4 Rc8 17. Rac1 Qd7 18. Rfe1 Rfd8 19. h3 a6 20. Qxb6 1-0

[Event "*** Titled Tuesday Blitz"]
[Site "Chess.com"]
[Date "2020.05.05"]
[Round "4"]
[White "tigra"]
[Black "Zq1"]
[Result "1-0"]
[WhiteElo "2798"]
[BlackElo "2552"]
[TimeControl "180+1"]
[EndTime "10:37:04 PDT"]
[Termination "tigra won by resignation"]

1. e4 c5 2. Nf3 d6 3. d4 cxd4 4. Nxd4 Nf6 5. Nc3 Nc6 6. Bg5 e6 7. Qd2 Be7 8. O-O-O Nxd4 9. Qxd4 a6 10. f4 b5 11. Bxf6 gxf6 12. Qe3 Qc7 13. f5 Qc5 14. Qh3 b4 15. Ne2 exf5 16. Qf3 Bb7 17. Ng3 fxe4 18. Nxe4 Rc8 19. Bd3 Kf8 20. Nxc5 Bxf3 21. Nd7+ 1-0

[Event "*** Titled Tuesday Blitz"]
[Site "Chess.com"]
[Date "2020.05.05"]
[Round "4"]
[White "Belka1989"]
[Black "MFBerna"]
[Result "0-1"]
[WhiteElo "2132"]
[BlackElo "2319"]
[TimeControl "180+1"]
[EndTime "10:37:06 PDT"]
[Termination "MFBerna won by checkmate"]

1. e4 c5 2. Nf3 d6 3. d4 cxd4 4. Nxd4 Nf6 5. Nc3 a6 6. Bg5 e6 7. f4 Be7 8. Qf3 Nbd7 9. O-O-O Qc7 10. Bd3 b5 11. Rhe1 Bb7 12. Nd5 exd5 13. Nf5 dxe4 14. Bxe4 Bxe4 15. Rxe4 Nxe4 16. Qxe4 O-O 17. Nxe7+ Kh8 18.
Rd3 f5 19. Qe6 Nf6 20. Qxf5 Qxe7 21. Rh3 Qe1# 0-1

[Event "*** Titled Tuesday Blitz"]
[Site "Chess.com"]
[Date "2020.05.05"]
[Round "4"]
[White "XiaoKangZhong"]
[Black "Haykoooo0o"]
[Result "1-0"]
[WhiteElo "2320"]
[BlackElo "2511"]
[TimeControl "180+1"]
[EndTime "10:37:09 PDT"]
[Termination "XiaoKangZhong won by resignation"]

1. e4 c5 2. c3 e6 3. d4 d5 4.
exd5 exd5 5. Nf3 c4 6. g3 Bd6 7. Bg2 Ne7 8. O-O O-O 9. b3 cxb3 10. axb3 Nbc6 11. Qd3 Bf5 12. Qe2 Re8 13. Be3 Qb6 14. b4 a5 15. bxa5 Nxa5 16. Nbd2 Nb3 17. Rab1 Bxb1 18. Rxb1 Ra1 19. Qd1 Nxd2 20. Rxa1 Nxf3+ 21.
Bxf3 Rc8 22. Rb1 Qc6 23. Qb3 Rc7 24. Qb6 Kf8 25. c4 Ke8 26. c5 1-0

[Event "*** Titled Tuesday Blitz"]
[Site "Chess.com"]
[Date "2020.05.05"]
[Round "4"]
[White "serhanberat_ozdemir"]
[Black "hedgehog280"]
[Result "1-0"]
[WhiteElo "2481"]
[BlackElo "2634"]
[TimeControl "180+1"]
[EndTime "10:37:11 PDT"]
[Termination "serhanberat_ozdemir won by checkmate"]

1. e4 c5 2. Nf3 e6 3. c3 d5 4. exd5 exd5 5. d4 Nc6 6. Bb5 Nf6 7. O-O Be7 8. dxc5 O-O 9. Nbd2 Bxc5 10. Nb3 Bb6 11.
Re1 Ne4 12. Be3 Bc7 13. Nbd4 Ne7 14. Bd3 f5 15. Qb3 Kh8 16. Rad1 Rb8 17. c4 Nc5 18. Qc2 Nxd3 19. Rxd3 f4 20. Bc1 Bd6 21. Ng5 Qa5 22. Bd2 Qxa2 23. Ra3 Qxc4 24. Qxh7# 1-0

[Event "*** Titled Tuesday Blitz"]
[Site "Chess.com"]
[Date "2020.05.05"]
[Round "4"]
[White "sm_sharon"]
[Black "WiktoriaPOL"]
[Result "0-1"]
[WhiteElo "2199"]
[BlackElo "2030"]
[TimeControl "180+1"]
[EndTime "10:37:32 PDT"]
[Termination "WiktoriaPOL won by resignation"]

1. e4 c5 2. Nf3 d6 3. d4 cxd4 4. Nxd4 Nf6 5. Nc3 a6 6. Be3 e5 7. Nb3 Be6 8. Be2 Nbd7 9. g4 h6 10. h4 b5 11. Rg1 Nb6 12. a3 Nc4 13. Bxc4 bxc4 14. Nc1 Rb8 15. Rb1 Qd7 16. g5 hxg5 17. hxg5 Ng4 18. N1e2 Nxe3 19. fxe3 Be7 20. Nd5 Bxd5 21.
exd5 Qa7 22. Qd2 Bd8 23. Nc3 Bb6 24. Ke2 Rh2+ 0-1

[Event "*** Titled Tuesday Blitz"]
[Site "Chess.com"]
[Date "2020.05.05"]
[Round "4"]
[White "tioloko"]
[Black "CalinGheorghiu"]
[Result "1-0"]
[WhiteElo "2626"]
[BlackElo "2401"]
[TimeControl "180+1"]
[EndTime "10:37:41 PDT"]
[Termination "tioloko won by resignation"]

1. e4 e6 2. d4 d5 3. Nc3 Nf6 4. e5 Nfd7 5. f4 c5 6. Nf3 b6 7. Be3 Be7 8. Ne2 cxd4 9. Nexd4 Bb7 10. Be2 O-O 11. O-O Nc6 12. c3 Nc5 13. Kh1 Ne4 14.
f5 Nxd4 15. Nxd4 Bg5 16. Qc1 Bxe3 17. Qxe3 Qg5 18. Rf4 Rae8 19. Rxe4 Qxe3 20. Rxe3 exf5 21. Nxf5 Re6 22. Nd4 Re7 23. Bf3 Rfe8 24. Rae1 a6 25. Nf5 Re6 26. Nd6 1-0

[Event "*** Titled Tuesday Blitz"]
[Site "Chess.com"]
[Date "2020.05.05"]
[Round "4"]
[White "drinbet"]
[Black "StegariuVlad"]
[Result "0-1"]
[WhiteElo "2307"]
[BlackElo "2513"]
[TimeControl "180+1"]
[EndTime "10:37:47 PDT"]
[Termination "StegariuVlad won by resignation"]

1. e4 e5 2. Nc3 Nf6 3. Nf3 Nc6 4. d4 exd4 5. Nxd4 Bb4 6. Nxc6 bxc6 7. Bd3 d5 8. exd5 cxd5 9. O-O O-O 10. Bg5 c6 11. Ne2 Bd6 12. Bf4 Qc7 13. Qd2 Re8 14. Bxd6 Qxd6 15.
c4 Be6 16. cxd5 Bxd5 17. Nc3 Ng4 18. g3 Ne5 19. Be4 Rad8 20. Nxd5 cxd5 21. Bg2 d4 22. Rfd1 d3 23. Rac1 Qd4 24. Qc3 Qb6 25. Rd2 h6 26. Rcd1 Rd4 27. h3 Red8 28. Kh2 g5 29.
Re1 Nc4 30. Rdd1 Qxb2 31. Qa5 Nxa5 0-1

[Event "*** Titled Tuesday Blitz"]
[Site "Chess.com"]
[Date "2020.05.05"]
[Round "4"]
[White "Artem_Koval"]
[Black "AwesomeMango"]
[Result "1-0"]
[WhiteElo "2436"]
[BlackElo "2235"]
[TimeControl "180+1"]
[EndTime "10:37:48 PDT"]
[Termination "Artem_Koval won by resignation"]

1. e4 c5 2. Nf3 d6 3. d4 cxd4 4.
Nxd4 Nf6 5. Nc3 a6 6. f4 e5 7. Nf3 Nbd7 8. Bd3 Be7 9. O-O O-O 10. Kh1 b5 11. a3 Bb7 12. Qe2 Rc8 13. Bd2 Qc7 14.
Rae1 exf4 15. Bxf4 Ne5 16. Qf2 Ng6 17. Bg5 Ng4 18. Qd2 N4e5 19. Bxe7 Qxe7 20. Nd5 Bxd5 21. exd5 Qc7 22. Bxg6 Nxg6 23. c3 Rfe8 24. h3 Qc4 25. Qg5 h6 26. Qf5 Nh4 27. Nxh4 Rxe1 28. Qxf7+ Kh7 29.
Rxe1 Qxh4 30. Qf5+ 1-0

[Event "*** Titled Tuesday Blitz"]
[Site "Chess.com"]
[Date "2020.05.05"]
[Round "4"]
[White "dukicz123"]
[Black "Pechen_Yeltsina"]
[Result "0-1"]
[WhiteElo "2491"]
[BlackElo "2724"]
[TimeControl "180+1"]
[EndTime "10:37:49 PDT"]
[Termination "Pechen_Yeltsina won by checkmate"]

1. e4 g6 2. d4 Bg7 3. Nc3 d6 4. f4 a6 5. Nf3 b5 6. Bd3 Bb7 7. a4 b4 8. Ne2 Nd7 9. O-O c5 10. c3 bxc3 11. bxc3 cxd4 12. cxd4 Ngf6 13. e5 Ne4 14.
Rb1 Qc7 15. Qb3 Rb8 16. e6 fxe6 17. Qxe6 Ndf6 18. Bc4 d5 19. Bxa6 Bxa6 20. Rxb8+ Qxb8 21. Qxa6 O-O 22. Qe6+ Kh8 23. Ne5 Nd6 24. Ba3 Nfe4 25. Nd7 Qb3 26. Bc1 Rc8 27. Nc5 Qc4 28. Nxe4 Qxe2 29.
Ng5 Bxd4+ 30. Kh1 Qxf1# 0-1

[Event "*** Titled Tuesday Blitz"]
[Site "Chess.com"]
[Date "2020.05.05"]
[Round "4"]
[White "Xeslu"]
[Black "PaulfromSPb"]
[Result "0-1"]
[WhiteElo "2370"]
[BlackElo "2602"]
[TimeControl "180+1"]
[EndTime "10:37:49 PDT"]
[Termination "PaulfromSPb won by resignation"]

1. e4 c5 2. Nf3 d6 3. Bc4 e6 4. d3 Nf6 5. O-O Be7 6. Bb3 O-O 7. c3 d5 8. e5 Nfd7 9. d4 Nc6 10. Re1 b6 11.
Nbd2 Ba6 12. Nf1 Rc8 13. Ng3 cxd4 14. cxd4 Nb4 15. Be3 Nd3 16. Re2 Bc4 17. Bxc4 dxc4 18. Ne4 b5 19. a3 Nb6 20. g3 Qd5 21. Nfd2 Rfd8 22. h4 h6 23. Rb1 Na4 24. g4 Naxb2 25. Qf1 c3 0-1

[Event "*** Titled Tuesday Blitz"]
[Site "Chess.com"]
[Date "2020.05.05"]
[Round "4"]
[White "ElGasanov"]
[Black "aakankshachess"]
[Result "1-0"]
[WhiteElo "2731"]
[BlackElo "2497"]
[TimeControl "180+1"]
[EndTime "10:37:52 PDT"]
[Termination "ElGasanov won by resignation"]

1. Nf3 Nf6 2. d4 g6 3. Bg5 Ne4 4. Bh4 d5 5. e3 Bg7 6. c4 c5 7.
Nc3 Qa5 8. Qb3 cxd4 9. exd4 dxc4 10. Bxc4 O-O 11. O-O Nxc3 12. bxc3 Qc7 13. d5 Bg4 14. Nd4 a6 15. Rfe1 b5 16. Bf1 Re8 17. Qb4 Bf8 18. d6 Qc8 19. dxe7 Bg7 20. a4 Nc6 21. Nxc6 Qxc6 22.
Qxg4 Bxc3 23. axb5 axb5 24. Rxa8 Qxa8 25. Rd1 1-0

[Event "*** Titled Tuesday Blitz"]
[Site "Chess.com"]
[Date "2020.05.05"]
[Round "4"]
[White "FMOlexandrProhorov"]
[Black "GuerrieroFromLevant"]
[Result "0-1"]
[WhiteElo "2060"]
[BlackElo "2378"]
[TimeControl "180+1"]
[EndTime "10:37:52 PDT"]
[Termination "GuerrieroFromLevant won by resignation"]

1. e4 e6 2. d4 d5 3. Nc3 Nf6 4. e5 Nfd7 5. Nce2 c5 6. c3 Nc6 7. f4 b5 8. Nf3 b4 9. g3 Ba6 10. Be3 Qb6 11. Bh3 g6 12. Kf2 Na5 13. b3 Nc6 14.
Rc1 bxc3 15. Nxc3 cxd4 16. Nxd4 Nxd4 17. Bxd4 Bc5 18. Bxc5 Nxc5 19. Kg2 d4 20. Ne2 Bb7+ 21. Kf2 d3 22. Nc3 Ne4+ 0-1

[Event "*** Titled Tuesday Blitz"]
[Site "Chess.com"]
[Date "2020.05.05"]
[Round "4"]
[White "oneshot007"]
[Black "madalin18"]
[Result "1-0"]
[WhiteElo "2403"]
[BlackElo "2145"]
[TimeControl "180+1"]
[EndTime "10:37:53 PDT"]
[Termination "oneshot007 won by checkmate"]

1. e4 c5 2. Nf3 d6 3. d4 cxd4 4. Nxd4 Nf6 5. Nc3 a6 6. h4 Nc6 7.
Be3 Bd7 8. Be2 Rc8 9. g4 h5 10. gxh5 Qa5 11. Nb3 Qc7 12. Bg5 e6 13. h6 Ne5 14. Qd2 Nc4 15. Bxc4 Qxc4 16. O-O-O Nxe4 17. Nxe4 Qxe4 18. Rhe1 Qa4 19. hxg7 Bxg7 20. Qxd6 Qc6 21. Qe7# 1-0

[Event "*** Titled Tuesday Blitz"]
[Site "Chess.com"]
[Date "2020.05.05"]
[Round "4"]
[White "powermove"]
[Black "ViktoriyaTarasova"]
[Result "1-0"]
[WhiteElo "1658"]
[BlackElo "2153"]
[TimeControl "180+1"]
[EndTime "10:37:57 PDT"]
[Termination "powermove won by resignation"]

1. Nf3 Nf6 2. g3 b6 3. Bg2 Bb7 4. O-O c5 5. d3 e6 6. Nbd2 Be7 7. e4 d6 8. Qe2 O-O 9. h3 Nbd7 10. Re1 Qc7 11. Nf1 Rfe8 12. a4 a6 13. Bd2 Rad8 14.
Nh4 Bf8 15. f4 g6 16. g4 Bg7 17. c3 h5 18. Ng3 hxg4 19. hxg4 Nh7 20. Rad1 d5 21. e5 g5 22. Nf3 gxf4 23. Bxf4 f6 24. exf6 Qxf4 25. fxg7 Kxg7 26. Nh5+ Kh8 27. Nxf4 e5 28.
Ng6+ Kg7 29. Ngxe5 Nxe5 30. Nxe5 1-0

[Event "*** Titled Tuesday Blitz"]
[Site "Chess.com"]
[Date "2020.05.05"]
[Round "4"]
[White "Colombiano07"]
[Black "MFguimaraes"]
[Result "0-1"]
[WhiteElo "2163"]
[BlackElo "2409"]
[TimeControl "180+1"]
[EndTime "10:38:00 PDT"]
[Termination "MFguimaraes won by resignation"]

1. d4 Nf6 2. Nf3 d5 3. e3 c6 4. Bd3 Bg4 5. Nbd2 Nbd7 6. O-O e5 7. dxe5 Nxe5 8. Be2 Bd6 9. Nxe5 Bxe2 10. Nxf7 Bxd1 11. Nxd8 Bxc2 12. Nxb7 Bb4 13. a3 Rb8 14. axb4 Rxb7 15. Nf3 O-O 16. Bd2 Ne4 17. Bc3 Bd3 18. Nd4 Bxf1 19.
Rxf1 Nxc3 20. bxc3 Rc8 21. Ra1 c5 22. g3 cxd4 0-1

[Event "*** Titled Tuesday Blitz"]
[Site "Chess.com"]
[Date "2020.05.05"]
[Round "4"]
[White "Marcin"]
[Black "Aikiigm"]
[Result "0-1"]
[WhiteElo "2425"]
[BlackElo "2632"]
[TimeControl "180+1"]
[EndTime "10:38:02 PDT"]
[Termination "Aikiigm won by resignation"]

1. d4 Nf6 2. c4 e6 3. Nf3 b6 4.
g3 g6 5. Bg2 Bg7 6. O-O c6 7. Nc3 d5 8. Ne5 Nfd7 9. Bf4 O-O 10. e4 Nxe5 11. exd5 Nxc4 12. dxc6 Na6 13. c7 Nxc7 14. Bxc7 Qxc7 15. Bxa8 Nxb2 16. Qb3 Ba6 17. Bg2 Bxd4 18. Qxb2 Bxf1 19. Rxf1 Qxc3 20. Qxc3 Bxc3 21. Rc1 Rc8 22. Rd1 Rc7 23. Rd8+ Kg7 24. Ra8 Bb4 25. Bf1 Rc2 26. Rxa7 Bc5 0-1

[Event "*** Titled Tuesday Blitz"]
[Site "Chess.com"]
[Date "2020.05.05"]
[Round "4"]
[White "mirciulica14"]
[Black "Agnes66678"]
[Result "1-0"]
[WhiteElo "2626"]
[BlackElo "2410"]
[TimeControl "180+1"]
[EndTime "10:38:03 PDT"]
[Termination "mirciulica14 won by resignation"]

1. d4 Nf6 2. c4 c5 3. d5 e6 4. Nc3 exd5 5. cxd5 d6 6. Nf3 g6 7. g3 Bg7 8. Bg2 O-O 9. O-O a6 10. a4 Re8 11. Bf4 Ne4 12. Nxe4 Rxe4 13. Nd2 Rb4 14. Ne4 Rd4 15. Qc1 Rxd5 16. Rd1 Rxd1+ 17. Qxd1 Nc6 18. Nxd6 Be6 19. Nxb7 Qb6 20. Nxc5 Qxc5 21. Rc1 Qb4 22. Rxc6 Re8 23. Rxa6 Bxb2 24. Ra8 Rxa8 25. Bxa8 Qxa4 26.
Qxa4 1-0

[Event "*** Titled Tuesday Blitz"]
[Site "Chess.com"]
[Date "2020.05.05"]
[Round "4"]
[White "energie73"]
[Black "Flawless_Fighter"]
[Result "1-0"]
[WhiteElo "2326"]
[BlackElo "2504"]
[TimeControl "180+1"]
[EndTime "10:38:04 PDT"]
[Termination "energie73 won by resignation"]

1. d4 Nf6 2. Bf4 e6 3. e3 c5 4. Nd2 b6 5. Nc4 d5 6. Ne5 Ba6 7. Bxa6 Nxa6 8. c4 Nc7 9. Ngf3 Bd6 10. Qa4+ Kf8 11. O-O h6 12. Rad1 g5 13. Bg3 Kg7 14. Nc6 Qd7 15. Nfe5 Bxe5 16. Bxe5 a6 17. cxd5 Nxd5 18.
dxc5 b5 19. Bxf6+ Kxf6 20. Qd4+ Kf5 21. g4+ Kg6 22. Ne5+ 1-0

[Event "*** Titled Tuesday Blitz"]
[Site "Chess.com"]
[Date "2020.05.05"]
[Round "4"]
[White "Wolverine_master"]
[Black "BillCoe"]
[Result "1-0"]
[WhiteElo "2212"]
[BlackElo "2009"]
[TimeControl "180+1"]
[EndTime "10:38:04 PDT"]
[Termination "Wolverine_master won by resignation"]

1. e4 c5 2. Nf3 e6 3. d4 cxd4 4.
Nxd4 a6 5. Bd3 Qc7 6. O-O Nf6 7.
f4 d6 8. Kh1 Be7 9. Qe2 Nbd7 10. c3 O-O 11. Be3 b5 12. Nd2 Bb7 13. Bc2 Nc5 14.
Bf2 d5 15. e5 Nfe4 16. Nxe4 Nxe4 17. Bxe4 dxe4 18. Bg3 Rac8 19. f5 Bd5 20. f6 Rfd8 21. fxe7 Qxe7 22. Qh5 b4 23. Bh4 Qb7 24. Bxd8 Rxd8 25.
Rac1 e3 26. Qe2 bxc3 27. bxc3 h6 28. Rc2 Rc8 29. Qxe3 Be4 30. Rcf2 Rc7 31. Nb3 Qd5 32. Qd4 Bd3 33. Qxd5 exd5 34. Rc1 Re7 35. Rd2 Bc4 36.
Na5 Rxe5 37. Nxc4 dxc4 38. Rd4 1-0

[Event "*** Titled Tuesday Blitz"]
[Site "Chess.com"]
[Date "2020.05.05"]
[Round "4"]
[White "11kevin"]
[Black "K_A_S_T_O_R"]
[Result "0-1"]
[WhiteElo "2520"]
[BlackElo "2783"]
[TimeControl "180+1"]
[EndTime "10:38:05 PDT"]
[Termination "K_A_S_T_O_R won by resignation"]

1. d4 Nf6 2. c4 e6 3. Nc3 Bb4 4. e3 O-O 5. Bd2 d5 6. Nge2 b6 7. a3 Bd6 8. cxd5 exd5 9. g3 Bb7 10. Bg2 a6 11. O-O Nbd7 12. Nf4 c6 13. b4 Re8 14. Rb1 b5 15. f3 Bxf4 16. gxf4 Nb6 17. Bc1 a5 18. e4 axb4 19. axb4 Nc4 20. e5 Nh5 21. f5 Bc8 22. f4 Qh4 23. Bf3 Nxf4 24. Bxf4 Qxf4 25. Ne2 Qe3+ 26. Kh1 Bxf5 27. Rb3 Qd2 28. Bg2 Qxd1 29. Rxd1 Bc2 0-1

[Event "*** Titled Tuesday Blitz"]
[Site "Chess.com"]
[Date "2020.05.05"]
[Round "4"]
[White "Char_dasha"]
[Black "maxsergej"]
[Result "1-0"]
[WhiteElo "2317"]
[BlackElo "2122"]
[TimeControl "180+1"]
[EndTime "10:38:05 PDT"]
[Termination "Char_dasha won by resignation"]

1. d4 Nf6 2. c4 e6 3. Nc3 Bb4 4. Qc2 d5 5. a3 Bxc3+ 6. Qxc3 Ne4 7. Qc2 c5 8. dxc5 Nc6 9. e3 Qa5+ 10. Bd2 Nxd2 11. Qxd2 Qxc5 12. Rc1 O-O 13. Nf3 Rd8 14. b4 Qe7 15. cxd5 Rxd5 16. Qc3 Bd7 17. Bc4 Rd6 18.
b5 Nd8 19. O-O Rc8 20. Qb4 b6 21. e4 Qf8 22. e5 Rxc4 23. Qxd6 Qxd6 24. exd6 Bxb5 25.
Ne5 1-0

[Event "*** Titled Tuesday Blitz"]
[Site "Chess.com"]
[Date "2020.05.05"]
[Round "4"]
[White "AminMolaei"]
[Black "DFeco"]
[Result "1-0"]
[WhiteElo "2507"]
[BlackElo "2222"]
[TimeControl "180+1"]
[EndTime "10:38:07 PDT"]
[Termination "AminMolaei won by resignation"]

1. d4 d5 2. c4 c6 3. cxd5 cxd5 4. Bf4 Nc6 5. e3 Nf6 6. Nc3 a6 7. Rc1 Bg4 8. f3 Bd7 9. Bd3 e6 10. Nge2 Be7 11. g4 O-O 12. h4 h6 13. Kf2 e5 14.
dxe5 Nxg4+ 15. fxg4 Bxh4+ 16. Kf3 Re8 17. Bf5 Bxf5 18. gxf5 Nxe5+ 19. Kg2 Ng4 20. Qxd5 Qf6 21.
Qf3 Ne5 22. Qh3 Bg5 23. Ne4 Qc6 24. Rxc6 1-0

[Event "*** Titled Tuesday Blitz"]
[Site "Chess.com"]
[Date "2020.05.05"]
[Round "4"]
[White "2165149677570"]
[Black "Mizner"]
[Result "0-1"]
[WhiteElo "2311"]
[BlackElo "2529"]
[TimeControl "180+1"]
[EndTime "10:38:08 PDT"]
[Termination "Mizner won by resignation"]

1. e4 e6 2. d4 d5 3. Nd2 c5 4. exd5 Qxd5 5. Ngf3 cxd4 6. Bc4 Qc5 7. O-O Nc6 8. Qe2 Be7 9. Nb3 Qb6 10. Rd1 Bf6 11. a4 Nge7 12. a5 Qc7 13. Nbxd4 Nxd4 14. Nxd4 a6 15.
Be3 O-O 16. Ra3 Bd7 17. b4 Rac8 18. Bd3 Nd5 19. Bd2 Bxd4 20. Qe4 Bxf2+ 21. Kxf2 Qxh2 22. c4 Nf6 23. Qxb7 Bc6 24. Qxa6 Ng4+ 25. Ke1 Qg3+ 0-1

[Event "*** Titled Tuesday Blitz"]
[Site "Chess.com"]
[Date "2020.05.05"]
[Round "4"]
[White "CastleOasisChess"]
[Black "Budisavljevic"]
[Result "1/2-1/2"]
[WhiteElo "2139"]
[BlackElo "2393"]
[TimeControl "180+1"]
[EndTime "10:38:08 PDT"]
[Termination "Game drawn by agreement"]

1. d4 Nf6 2. e3 e6 3. Bd3 d5 4. Nd2 c5 5. c3 Bd6 6. Qe2 O-O 7. f4 b6 8. g3 Bb7 9. Ngf3 Qc8 10. O-O Ba6 11.
Ne5 Bxd3 12. Qxd3 Qa6 13. Kf2 Qxd3 14. Nxd3 Nbd7 15. Kg2 Rfc8 16. Nf3 Ne4 17. Nf2 Ndf6 18. Nxe4 Nxe4 19. Ng5 Nxg5 20. fxg5 b5 21. Bd2 b4 22.
Rf2 bxc3 23. Bxc3 cxd4 24. Bxd4 e5 25. Bc3 Rc7 26. Rd1 1/2-1/2

[Event "*** Titled Tuesday Blitz"]
[Site "Chess.com"]
[Date "2020.05.05"]
[Round "4"]
[White "Malysch"]
[Black "m-garcett"]
[Result "1-0"]
[WhiteElo "2379"]
[BlackElo "2036"]
[TimeControl "180+1"]
[EndTime "10:38:09 PDT"]
[Termination "Malysch won by resignation"]

1. d4 Nf6 2. c4 g6 3. g3 Bg7 4.
Bg2 d6 5. Nf3 O-O 6. O-O Nbd7 7.
Nc3 e5 8. e4 c6 9. h3 Qb6 10.
Re1 exd4 11. Nxd4 Nc5 12. Nb3 Nxb3 13. axb3 Re8 14. Be3 Qc7 15. Qc2 a5 16. Rad1 Be6 17. f4 a4 18. Nxa4 Nh5 19. Kh2 Qd7 20. Nb6 Qe7 21.
Nxa8 Rxa8 22. Qd2 Rd8 23. e5 d5 24. cxd5 Bxd5 25. g4 1-0

[Event "*** Titled Tuesday Blitz"]
[Site "Chess.com"]
[Date "2020.05.05"]
[Round "4"]
[White "LivajaM"]
[Black "cassoulet"]
[Result "0-1"]
[WhiteElo "2264"]
[BlackElo "2585"]
[TimeControl "180+1"]
[EndTime "10:38:09 PDT"]
[Termination "cassoulet won by resignation"]

1. d4 Nf6 2. Bg5 d5 3. Nf3 Nbd7 4. e3 g6 5. c4 Bg7 6. Nc3 c6 7.
Rc1 O-O 8. Qb3 e6 9. a3 Qb6 10. Qxb6 axb6 11. cxd5 exd5 12. Bd3 Re8 13. O-O b5 14. Na2 Nb6 15. Nb4 Nc4 16. Rc2 Ne4 17.
Bxe4 Rxe4 18. Bf4 Bf5 19. Re2 Rae8 20. Bg3 Bxd4 21. Nxd4 Rxd4 22. Rfe1 Rd2 23. Rxd2 Nxd2 24. Re2 Nc4 25. Bf4 f6 26. h4 d4 27. Kf1 d3 0-1

[Event "*** Titled Tuesday Blitz"]
[Site "Chess.com"]
[Date "2020.05.05"]
[Round "4"]
[White "Akhayan"]
[Black "AttilaTurzo"]
[Result "1-0"]
[WhiteElo "2322"]
[BlackElo "2493"]
[TimeControl "180+1"]
[EndTime "10:38:12 PDT"]
[Termination "Akhayan won by resignation"]

1. d4 Nf6 2. Nf3 e6 3. g3 c5 4. Bg2 cxd4 5. Nxd4 Be7 6. O-O O-O 7. c4 a6 8. Nc3 Qc7 9. Bf4 d6 10. Nb3 Nbd7 11.
Rc1 Rb8 12. c5 Nxc5 13. Nxc5 Qxc5 14. Nd5 Qxd5 15. Bxd5 Nxd5 16. Bd2 Bd7 17. e4 Nf6 18. Re1 Bc6 19. Bc3 Nxe4 20. Rxe4 Bxe4 21. Qd4 Bf6 22. Qxe4 d5 23. Qg4 Rbc8 24. Bxf6 Rxc1+ 25. Kg2 g6 26. Qg5 Rfc8 27. Qh6 1-0